 Dungeon Crawl Stone Soup version 0.29.0-13-gc9e81de378 (webtiles) character file.

Game seed: 9773447761807216081

6219 Ashen the Chiller (level 10, -1/76 HPs)
             Began as a Demonspawn Ice Elementalist on Sept 9, 2022.
             Was an Initiate of Vehumet.
             Slain by a gargoyle
             ... wielding a +1 mace of holy wrath
              (14 damage)
             ... on level 10 of the Dungeon on Sept 10, 2022.
             The game lasted 00:16:00 (12029 turns).

Ashen the Chiller (Demonspawn Ice Elementalist)    Turns: 12029, Time: 00:16:01

Health: -1/76      AC: 21    Str: 15    XL:     10   Next: 61%
Magic:  18/20      EV: 14    Int: 21    God:    Vehumet [......]
Gold:   266        SH:  5    Dex: 13    Spells: 12/23 levels left

rFire   . . .      SeeInvis .   u - +1 whip (venom)
rCold   . . .      Faith    .   (no shield)
rNeg    . . .      Spirit   .   a - +0 robe
rPois   .          Reflect  +   (no helmet)
rElec   .          Harm     .   w - +0 cloak
rCorr   .          Rampage  .   (no gloves)
Will    .....                   s - +0 pair of boots
Stlth   +++.......              l - amulet of reflection
HPRegen 0.22/turn               h - +6 ring of strength
MPRegen 0.17/turn               (no ring)

@: ice-armoured, sanguine armoured
A: hooves 1, demonic guardian 3, ignite blood 1, sanguine armour 2
a: Renounce Religion


You were on level 10 of the Dungeon.
You worshipped Vehumet.
Vehumet was noncommittal.
You visited 2 branches of the dungeon, and saw 11 of its levels.

You collected 476 gold pieces.
You spent 210 gold pieces at shops.

Inventory:

Hand Weapons
 u - a +1 whip of venom (weapon)
Armour
 a - a +0 robe (worn)
 s - a +0 pair of boots (worn)
 w - a +0 cloak (worn)
Jewellery
 h - a +6 ring of strength (left hand)
 l - an amulet of reflection (around neck)
 x - a ring of fire
 J - a +6 ring of dexterity
 K - a ring of flight
Wands
 A - a wand of polymorph (5)
 E - a wand of flame (3)
 G - a wand of charming (10)
 H - a wand of mindburst (45)
Scrolls
 d - a scroll of fear {unknown}
 e - a scroll of brand weapon {unknown}
 g - 5 scrolls of teleportation
 j - 2 scrolls of enchant armour {unknown}
 k - 2 scrolls of silence {unknown}
 o - a scroll of noise {unknown}
 p - a scroll of enchant weapon {unknown}
 r - 2 scrolls of fog {unknown}
 v - a scroll of vulnerability {unknown}
 y - 2 scrolls of poison {unknown}
 B - 2 scrolls of immolation {unknown}
 C - 2 scrolls of blinking
 I - a scroll of magic mapping
 L - a scroll of identify
Potions
 b - 2 potions of magic
 c - 2 potions of heal wounds
 f - 5 potions of curing
 i - 2 potions of cancellation {unknown}
 m - a potion of attraction {unknown}
 n - 2 potions of invisibility
 q - a potion of berserk rage
 t - a potion of might
 z - a potion of haste {unknown}
 D - 2 potions of mutation {unknown}
 F - a potion of ambrosia {unknown}


   Skills:
 + Level 6.0 Fighting
 + Level 6.9 Dodging
 - Level 5.0 Stealth
 + Level 7.0 Spellcasting
 + Level 5.9 Conjurations
 + Level 7.7 Ice Magic


You had 12 spell levels left.
You knew the following spells:

 Your Spells              Type           Power      Damage    Failure   Level
a - Freeze                Ice            100%       1d11      1%          1
b - Frozen Ramparts       Ice            80%        1d13      1%          3
c - Ozocubu's Armour      Ice            40%        N/A       1%          3
d - Hailstorm             Conj/Ice       36%        3d9       5%          4

Your spell library contained the following spells:

 Spells                   Type           Power      Damage    Failure   Level
 Stone Arrow              Conj/Erth      38%        3d9       8%          3
 Beastly Appendage        Tmut           14%        N/A       9%          1
 Necrotise                Necr           28%        1d5       9%          1
 Sting                    Tmut/Pois      28%        1d4       9%          1
 Blink                    Tloc           14%        N/A       13%         2
 Poisonous Vapours        Pois/Air       14%        N/A       13%         2
 Sublimation of Blood     Necr           7%         N/A       13%         2
 Wereblood                Tmut           7%         N/A       13%         2
 Ice Form                 Ice/Tmut       23%        N/A       19%         4
 Summon Ice Beast         Ice/Summ       23%        N/A       19%         4
 Call Canine Familiar     Summ           7%         N/A       26%         3
 Lesser Beckoning         Tloc           7%         N/A       26%         3
 Portal Projectile        Hex/Tloc       14%        N/A       26%         3
 Spider Form              Tmut/Pois      7%         N/A       26%         3
 Vampiric Draining        Necr           7%         2d6       26%         3
 Freezing Cloud           Conj/Ice/Air   13%        6-21      36%         5
 Irradiate                Conj/Tmut      9%         3d14      58%         5
 Animate Armour           Summ/Erth      14%        N/A       65%         4
 Cause Fear               Hex            3%         N/A       65%         4
 Leda's Liquefaction      Hex/Erth       3%         N/A       65%         4
 Olgreb's Toxic Radiance  Pois           7%         N/A       65%         4
 Petrify                  Tmut/Erth      7%         N/A       65%         4
 Agony                    Necr           7%         N/A       94%         5
 Manifold Assault         Tloc           7%         N/A       94%         5
 Simulacrum               Ice/Necr       11%        N/A       95%         6
 Dragon Form              Tmut           3%         N/A       100%        7
 Lehudib's Crystal Spear  Conj/Erth      9%         10d4      100%        8
 Dragon's Call            Summ           3%         N/A       100%        9
 Polar Vortex             Ice            20%        N/A       100%        9


Dungeon Overview and Level Annotations

Branches:
Dungeon (10/15)            Temple (1/1) D:6
   Lair: D:8-11         Orc: D:9-12

Altars:
Ashenzari
Cheibriados
Dithmenos
Fedhas
Gozag
Hepliaklqana
Kikubaaqudgha
Makhleb
Nemelex Xobeh
Okawaru
Qazlal
Ru
Sif Muna
Trog
Uskayaw
Vehumet
Wu Jian
Xom
Yredelemnul

Shops:
D:5 ?   D:8 ?

Annotations:
D:8 3 runed translucent doors, Flugkiller's ghost, novice MiFi


Innate Abilities, Weirdness & Mutations

You have large cloven feet.
A powerful demonic guardian rushes to your aid.
Your demonic aura sometimes causes spilled blood to erupt in flames.
When seriously injured, your blood forms thick armour. (AC +9)


Message History

You hit the gargoyle but do no damage.
The gargoyle is heavily damaged.
The frozen ramparts melt away.
You block the gargoyle's attack.
You barely miss the gargoyle.
The gargoyle is heavily damaged.
You block the gargoyle's attack.
You hit the gargoyle.
The gargoyle is heavily damaged.
The gargoyle hurls a stone arrow at you.
The stone arrow misses you.
You completely miss the gargoyle.
The gargoyle is heavily damaged.
The gargoyle barely misses you.
You barely miss the gargoyle.
The gargoyle is heavily damaged.
The gargoyle closely misses you. The gargoyle barely misses you.
You closely miss the gargoyle.
The gargoyle is heavily damaged.
You block the gargoyle's attack.
You hit the gargoyle but do no damage.
The gargoyle is heavily damaged.
The gargoyle hits you with a +1 mace of holy wrath!
You convulse!
Your blood congeals into armour.
You barely miss the gargoyle.
The gargoyle is heavily damaged.
The gargoyle closely misses you.
Unknown command.
You completely miss the gargoyle.
The gargoyle is heavily damaged.
The gargoyle barely misses you.
You hit the gargoyle but do no damage.
You punch the gargoyle, but do no damage.
The gargoyle is heavily damaged.
The gargoyle hits you with a +1 mace of holy wrath!
A demonic guardian appears!
You convulse!!
* * * LOW HITPOINT WARNING * * *
You barely miss the gargoyle.
The gargoyle is heavily damaged.
The gargoyle hits you with a +1 mace of holy wrath!
You die...

##. ... #....
#.#.# .# #.#.#
#.# #.#.###..#
#...29.#
#.#.@#.# #
#.#....###.
##...###...#
#....## .#.#
#.##..##...###.
#.##...........
#.##.#..###...
#.##.##.#
#.##.##.#


You could see a gargoyle (ally target) and a friendly hell beast (summoned).

Vanquished Creatures
  A wyvern (D:5)
  3 steam dragons
  6 yaks (D:9)
  Menkaure (D:7)
  A water moccasin (D:7)
  An ice beast (D:6)
  2 orc warriors
  2 sky beasts
  A black bear (D:6)
  An ogre (D:4)
  A centaur (D:9)
  2 kobold brigands (D:9)
  A bullfrog (D:6)
  A scorpion (D:5)
  4 killer bees (D:9)
  3 jellies
  2 orc priests
  3 hounds
  3 orc wizards
  Natasha (thrice) (D:2)
  2 gnolls
  7 adders
  An ufetubus (D:5)
  3 dart slugs
  5 worms
  22 orcs
  2 endoplasms
  7 goblins
  10 hobgoblins
  4 jackals
  2 quokkas
  4 ball pythons
  4 bats
  4 frilled lizards
  18 kobolds
  3 rats (D:1)
140 creatures vanquished.

Vanquished Creatures (collateral kills)
  3 two-headed ogres
  A hornet (D:7)
  A wyvern (D:8)
  A wraith (D:10)
  An ogre (D:6)
  2 centaurs
  2 kobold brigands
  A necrophage (D:4)
  A bullfrog (D:9)
  A hound (D:4)
  A gnoll bouda (D:7)
  4 gnolls (D:7)
  A white imp (D:6)
  2 orcs (D:6)
  A kobold (D:6)
23 creatures vanquished.

Grand Total: 163 creatures vanquished

Notes
Turn   | Place    | Note
-------+----------+-------------------------------------------
     0 | D:1      | Ashen the Demonspawn Ice Elementalist began the quest for
                  | the Orb.
     0 | D:1      | Reached XP level 1. HP: 13/13 MP: 3/3
   460 | D:1      | Found a faded altar of an unknown god.
   464 | D:1      | Gained mutation: When seriously injured, your blood forms
                  | armour. (AC +9) [demonic ancestry]
   464 | D:1      | Reached XP level 2. HP: 13/19 MP: 0/5
  1417 | D:2      | Reached XP level 3. HP: 21/24 MP: 4/6
  2243 | D:2      | Noticed Natasha
  2249 | D:2      | Killed Natasha
  2250 | D:2      | Gained mutation: A weak demonic guardian rushes to your
                  | aid. [demonic ancestry]
  2250 | D:2      | Reached XP level 4. HP: 17/30 MP: 3/7
  2462 | D:2      | Noticed Natasha
  2468 | D:2      | Killed Natasha
  2794 | D:2      | Noticed Natasha
  2804 | D:2      | Killed Natasha
  4055 | D:4      | Gained mutation: Your demonic aura sometimes causes spilled
                  | blood to erupt in flames. [demonic ancestry]
  4055 | D:4      | Reached XP level 5. HP: 22/35 MP: 0/9
  4335 | D:4      | Noticed an ogre
  4342 | D:4      | Killed an ogre
  4343 | D:4      | Gained mutation: You have large cloven feet. [demonic
                  | ancestry]
  4343 | D:4      | Reached XP level 6. HP: 24/41 MP: 3/10
  4575 | D:4      | Found an ornate altar of the Wu Jian Council.
  5479 | D:4      | Found a blossoming altar of Fedhas.
  5864 | D:5      | Entered Level 5 of the Dungeon
  5878 | D:5      | Found Gatuetoa's Magic Scroll Boutique.
  6021 | D:5      | Reached skill level 5 in Ice Magic
  6021 | D:5      | Gained mutation: A demonic guardian rushes to your aid.
                  | [demonic ancestry]
  6021 | D:5      | Reached XP level 7. HP: 40/46 MP: 12/12
  6170 | D:5      | Bought a scroll of blinking for 105 gold pieces
  6633 | D:5      | Noticed a wyvern
  6642 | D:5      | Killed a wyvern
  6647 | D:5      | Learned a level 3 spell: Frozen Ramparts
  6651 | D:5      | Learned a level 3 spell: Ozocubu's Armour
  6656 | D:5      | Learned a level 4 spell: Hailstorm
  7063 | D:6      | Found a sparkling altar of Nemelex Xobeh.
  7192 | D:6      | Reached skill level 1 in Fighting
  7197 | D:6      | Reached skill level 1 in Conjurations
  7225 | D:6      | Gained mutation: A powerful demonic guardian rushes to your
                  | aid. [demonic ancestry]
  7225 | D:6      | Reached XP level 8. HP: 38/54 MP: 14/14
  7562 | D:6      | Found a basalt altar of Yredelemnul.
  7599 | D:6      | Reached skill level 5 in Stealth
  7745 | D:6      | Found a staircase to the Ecumenical Temple.
  8042 | Temple   | Entered the Ecumenical Temple
  8446 | D:7      | Noticed a hornet
  8452 | D:7      | Killed a hornet
  8453 | D:7      | Reached skill level 5 in Dodging
  8453 | D:7      | Reached skill level 5 in Spellcasting
  8663 | D:7      | Found a radiant altar of Vehumet.
  8689 | D:7      | Became a worshipper of Vehumet
  8820 | D:7      | Reached XP level 9. HP: 37/64 MP: 9/16
  8832 | D:7      | Noticed Menkaure
  9016 | D:7      | You fall into a shaft and drop 1 floor!
  9016 | D:8      | Found Ipuoptu's Magic Scroll Emporium.
  9021 | D:8      | Bought a scroll of magic mapping for 105 gold pieces
  9150 | D:8      | Noticed a two-headed ogre
  9160 | D:8      | Killed a two-headed ogre
  9767 | D:8      | Found a runed translucent gate.
  9767 | D:8      | Found a runed translucent gate.
  9767 | D:8      | Found a runed translucent gate.
  9767 | D:8      | Noticed Flugkiller's ghost (novice MiFi)
 10331 | D:7      | Killed Menkaure
 10692 | D:9      | Found a shadowy altar of Dithmenos.
 10710 | D:9      | Reached skill level 5 in Fighting
 10710 | D:9      | Gained mutation: When seriously injured, your blood forms
                  | thick armour. (AC +9) [demonic ancestry]
 10710 | D:9      | Reached XP level 10. HP: 58/74 MP: 13/19
 10711 | D:9      | Reached skill level 5 in Conjurations
 11481 | D:9      | Found a burning altar of Makhleb.
 11481 | D:9      | Noticed an Executioner
 11547 | D:10     | Entered Level 10 of the Dungeon
 11547 | D:10     | Noticed a two-headed ogre
 11575 | D:10     | Noticed a two-headed ogre
 11584 | D:10     | Killed a two-headed ogre
 11841 | D:10     | Noticed a two-headed ogre
 11854 | D:10     | Killed a two-headed ogre
 12006 | D:10     | Noticed a gargoyle
 12029 | D:10     | Slain by a gargoyle

Illustrated notes

Levels and vault maps discovered:
D:1:      dreamdust_arrival_beginning_and_end, layout_basic,
          chequers_ecumenical_altar_simple_redux, minmay_pentomino_q2
D:2:      layout_basic, uniq_natasha
D:3:      layout_basic
D:4:      minmay_thick_lines, layout_loops_corners, lemuel_tele_altar,
          minmay_ruined_shrine
D:5:      layout_rooms, serial_shops, shop
D:6:      layout_cave_pools, mainiacjoe_overflow_cross_hatched,
          mainiacjoe_overflow_boulevard, minmay_temple_entry_glassed_door,
          minmay_holes, grunt_ministairs_13
D:7:      layout_cave_pools, nicolae_vehumet_radiance, uniq_menkaure
D:8:      layout_cave_pools, serial_shops, nicolae_stop_n_shop_2,
          ebering_ghost_rock_garden
D:9:      layout_roguey, nicolae_overflow_hidden_temple,
          makhleb_altar_promises_db, nicolae_dithmenos_shadow_blocks
D:10:     layout_loops_cross, erik_orc_1, st_stairs_9, minmay_starry_boxes,
          uniq_maurice
Temple:   bh_familiar_temple

Skill      XL: |  1  2  3  4  5  6  7  8  9 10 |
---------------+-------------------------------+-----
Stealth        | 2 3 4 5 |  5.0
Dodging        | 2 3 4 5 6 |  6.9
Ice Magic      | 4 5 6 7 |  7.7
Spellcasting   | 3 4 5 6 7 |  7.0
Fighting       | 1 3 5 6 |  6.0
Conjurations   | 1 3 4 5 |  5.9

Action                   |  1- 3 |  4- 6 |  7- 9 | 10-12 || total
-------------------------+-------+-------+-------+-------++-------
Melee: Unarmed           |    34 |    32 |       |       ||    66
       Whip              |       |    33 |   217 |    90 ||   340
       Punch             |       |       |     5 |     4 ||     9
 Cast: Freeze            |    57 |    59 |    10 |     2 ||   128
       Ozocubu's Armour  |       |       |    13 |     9 ||    22
       Frozen Ramparts   |       |       |     9 |     7 ||    16
  Use: Scroll            |       |       |     6 |       ||     6
 Stab: Sleeping          |     2 |     3 |     7 |       ||    12
       Distracted        |       |       |     2 |       ||     2
Armor: Robe              |    26 |    20 |    79 |     9 ||   134
Dodge: Dodged            |    70 |    58 |   124 |    66 ||   318
Block: Other             |     1 |    17 |    52 |    19 ||    89
       Reflection        |       |       |     1 |     3 ||     4
